[Event "*** Titled Tuesday Blitz"]
[Site "Chess.com"]
[Date "2020.05.12"]
[Round "9"]
[White "mamonika"]
[Black "Witaliss"]
[Result "0-1"]
[WhiteElo "2011"]
[BlackElo "2427"]
[TimeControl "180+1"]
[EndTime "11:38:34 PDT"]
[Termination "Witaliss won by resignation"]

1. b4 c6 2. e3 d5 3. Nf3 Nf6 4. c4 Bg4 5. Nc3 e6 6. Be2 Bxb4 7. O-O Bxc3 8. dxc3 Nbd7 9. cxd5 exd5 10. c4 dxc4 11.
Bb2 O-O 12. Bxc4 Nb6 13. Bb3 Qxd1 14. Rfxd1 Rfd8 15. Kf1 Be6 16. Bxe6 fxe6 17. Ng5 Rxd1+ 18. Rxd1 Re8 19. Rd6 Nc4 0-1

[Event "*** Titled Tuesday Blitz"]
[Site "Chess.com"]
[Date "2020.05.12"]
[Round "9"]
[White "2L8IWUN"]
[Black "Camels1981"]
[Result "0-1"]
[WhiteElo "2447"]
[BlackElo "2329"]
[TimeControl "180+1"]
[EndTime "11:38:47 PDT"]
[Termination "Camels1981 won by resignation"]

1. d4 Nf6 2. Nf3 g6 3. g3 Bg7 4. Bg2 O-O 5. O-O d6 6. b3 c5 7. c4 Nc6 8. Bb2 Qc7 9. Nc3 Bf5 10. Rc1 cxd4 11. Nd5 Qd8 12. Nxd4 Nxd4 13. Bxd4 Nxd5 14.
Bxg7 Kxg7 15. Bxd5 Rb8 16. Qd4+ f6 17. Qxa7 Qc7 18. a4 Bh3 19. Rfd1 h5 20. c5 h4 21. cxd6 Qxd6 22. Bg2 Qe6 23. Bxh3 Qxh3 24. Rd7 Qxd7 0-1

[Event "*** Titled Tuesday Blitz"]
[Site "Chess.com"]
[Date "2020.05.12"]
[Round "9"]
[White "Savva09022009"]
[Black "Gentlejimmy7"]
[Result "1-0"]
[WhiteElo "2407"]
[BlackElo "2541"]
[TimeControl "180+1"]
[EndTime "11:38:53 PDT"]
[Termination "Savva09022009 won by resignation"]

1. d4 Nf6 2. Nc3 d5 3. Bf4 a6 4. e3 c5 5. Nf3 cxd4 6. exd4 Bg4 7. h3 Bxf3 8. Qxf3 e6 9. Be3 Nc6 10. Bd3 Be7 11. O-O b5 12. Ne2 O-O 13. Nf4 Qb6 14. c3 b4 15. Nh5 bxc3 16. bxc3 Na5 17. Nxf6+ Bxf6 18. h4 Rac8 19. Rac1 Nc4 20. h5 Qa5 21. h6 g6 22. Qxf6 1-0

[Event "*** Titled Tuesday Blitz"]
[Site "Chess.com"]
[Date "2020.05.12"]
[Round "9"]
[White "Aikiigm"]
[Black "giantslayer83"]
[Result "1-0"]
[WhiteElo "2510"]
[BlackElo "2677"]
[TimeControl "180+1"]
[EndTime "11:38:57 PDT"]
[Termination "Aikiigm won by resignation"]

1. Nc3 e5 2. e4 Nf6 3. Bc4 Bb4 4. d3 d5 5. exd5 Nxd5 6. Bd2 Nxc3 7. bxc3 Bd6 8. Qh5 O-O 9. Ne2 Nd7 10. Bg5 Qe8 11. Ng3 Nb6 12. Bb3 Be6 13. O-O a5 14. Ne4 a4 15.
Nf6+ gxf6 16. Bxf6 h6 17. Qxh6 1-0

[Event "*** Titled Tuesday Blitz"]
[Site "Chess.com"]
[Date "2020.05.12"]
[Round "9"]
[White "ristingho"]
[Black "Korchmar_Vasiliy"]
[Result "1-0"]
[WhiteElo "2534"]
[BlackElo "2629"]
[TimeControl "180+1"]
[EndTime "11:39:00 PDT"]
[Termination "ristingho won by resignation"]

1. d4 Nf6 2. c4 e6 3. Nf3 d5 4.
Nc3 Bb4 5. Bg5 h6 6. Bxf6 Qxf6 7.
e3 O-O 8. a3 Bxc3+ 9. bxc3 b6 10. g4 Ba6 11. h4 Bxc4 12. g5 Qf5 13. gxh6 gxh6 14. Bxc4 dxc4 15. Rg1+ Kh7 16. Ng5+ Kh8 17. Qh5 Qg6 18. Nxf7+ 1-0

[Event "*** Titled Tuesday Blitz"]
[Site "Chess.com"]
[Date "2020.05.12"]
[Round "9"]
[White "temus_galaktionov"]
[Black "TengisChess"]
[Result "0-1"]
[WhiteElo "2711"]
[BlackElo "2512"]
[TimeControl "180+1"]
[EndTime "11:39:00 PDT"]
[Termination "TengisChess won by resignation"]

1. d4 Nf6 2. Nf3 g6 3. c4 Bg7 4. Nc3 O-O 5. e4 c5 6. d5 d6 7. h3 Na6 8. Bd3 Nc7 9. O-O a6 10. a4 Rb8 11. Bf4 Nd7 12. Re1 f6 13. Bg3 Ne5 14. Nxe5 fxe5 15. a5 b5 16. axb6 Rxb6 17. Ra2 Bd7 18. Bc2 Bh6 19. b3 Qe8 20. Ne2 Qf7 21.
Rf1 Qg7 22. f4 exf4 23. Bxf4 Rbb8 24. Qd2 Bxf4 25. Nxf4 Qe5 26. Raa1 Rf7 27. Ne2 Rbf8 28. Rxf7 Qxa1+ 0-1

[Event "*** Titled Tuesday Blitz"]
[Site "Chess.com"]
[Date "2020.05.12"]
[Round "9"]
[White "2165149677570"]
[Black "j2806"]
[Result "1-0"]
[WhiteElo "2232"]
[BlackElo "1971"]
[TimeControl "180+1"]
[EndTime "11:39:08 PDT"]
[Termination "2165149677570 won by resignation"]

1. a3 Nf6 2. c4 e6 3. g3 d5 4. Bg2 c5 5. cxd5 exd5 6. Nf3 Nc6 7. d4 Be6 8. O-O cxd4 9. Nxd4 Nxd4 10. Qxd4 Be7 11.
Nc3 O-O 12. Rd1 Qc7 13. Bf4 Qc6 14. Rac1 Bc5 15. Qd3 Rac8 16. b4 Be7 17. Nxd5 Qe8 18. Rxc8 Bxc8 19. Nxe7+ Qxe7 20. Bd6 Qe8 21. Bxf8 Qxf8 22.
Qd8 Qxd8 23. Rxd8+ 1-0

[Event "*** Titled Tuesday Blitz"]
[Site "Chess.com"]
[Date "2020.05.12"]
[Round "9"]
[White "Chuchofrio1"]
[Black "luizwas"]
[Result "0-1"]
[WhiteElo "2192"]
[BlackElo "1779"]
[TimeControl "180+1"]
[EndTime "11:39:17 PDT"]
[Termination "luizwas won by resignation"]

1. e4 e6 2. d4 d5 3. Nc3 Nf6 4.
Bg5 Bb4 5. e5 h6 6. exf6 hxg5 7.
fxg7 Rg8 8. h4 Rxg7 9. h5 Qf6 10.
h6 Rh7 11. Bd3 Rxh6 12. Rxh6 Qxh6 13. Qg4 Nc6 14. Nh3 Be7 15. O-O-O Bd7 16. Qg3 g4+ 17. Qf4 Qg7 18. Ng1 Bg5 0-1

[Event "*** Titled Tuesday Blitz"]
[Site "Chess.com"]
[Date "2020.05.12"]
[Round "9"]
[White "SpasKozhuharov"]
[Black "GadimbayliA"]
[Result "0-1"]
[WhiteElo "2689"]
[BlackElo "2837"]
[TimeControl "180+1"]
[EndTime "11:39:31 PDT"]
[Termination "GadimbayliA won by resignation"]

1. c4 e5 2. Nc3 Nf6 3. Nf3 Nc6 4. g3 d5 5. cxd5 Nxd5 6. Bg2 Nb6 7. Rb1 Be7 8. b4 O-O 9. b5 Nd4 10. Nxe5 Bf6 11. Nf3 Bf5 12. Rb4 Nc2+ 13. Qxc2 Bxc2 14. O-O Re8 15. d4 a5 16. bxa6 Rxa6 17. Bf4 c5 18.
dxc5 Bxc3 19. Rxb6 Rxb6 20. cxb6 Rxe2 21. Bc7 Qd3 22. Ng5 Re1 23. Rxe1 Bxe1 24. Bxb7 Qe2 25. Nh3 Bd3 26. Bg2 Bxf2+ 0-1

[Event "*** Titled Tuesday Blitz"]
[Site "Chess.com"]
[Date "2020.05.12"]
[Round "9"]
[White "Andrii_Prydun"]
[Black "stoleriu"]
[Result "0-1"]
[WhiteElo "2427"]
[BlackElo "2563"]
[TimeControl "180+1"]
[EndTime "11:39:31 PDT"]
[Termination "stoleriu won by resignation"]

1. d4 e6 2. Nf3 Nf6 3. e3 b6 4. Bd3 Bb7 5. Nbd2 d6 6. O-O Nbd7 7. c3 e5 8. e4 Qe7 9. Re1 g6 10. Nf1 Bg7 11. Bg5 O-O 12. Ne3 h6 13. Bxf6 Nxf6 14. d5 Nh5 15. Nd2 Nf4 16. Nef1 Nxd3 17. Re3 Nf4 18.
a4 a5 19. g3 Nh5 20. Qg4 Nf6 21. Qe2 Nd7 22. Qg4 h5 23. Qf3 Bh6 24. Ree1 f5 25. Qg2 Nc5 26. b4 Nxe4 27. Nxe4 fxe4 28. Qxe4 Qf7 29.
Re2 Bxd5 0-1

[Event "*** Titled Tuesday Blitz"]
[Site "Chess.com"]
[Date "2020.05.12"]
[Round "9"]
[White "floplover"]
[Black "mortngabriel"]
[Result "0-1"]
[WhiteElo "2256"]
[BlackElo "2446"]
[TimeControl "180+1"]
[EndTime "11:39:51 PDT"]
[Termination "mortngabriel won by resignation"]

1. d4 Nf6 2. c4 e6 3. Nc3 Bb4 4. Qc2 O-O 5. e4 d5 6. e5 Ne4 7. Bd3 c5 8. Nf3 cxd4 9. Nxd4 Nd7 10. Bf4 Ndc5 11. O-O Bxc3 12. bxc3 Bd7 13. Be2 Na4 14.
f3 Nexc3 15. Bd3 h6 16. cxd5 Nxd5 17. Bd2 Rc8 18. Qd1 Qb6 19. Kh1 Qxd4 20. Bxh6 Qxe5 21. Bd2 0-1

[Event "*** Titled Tuesday Blitz"]
[Site "Chess.com"]
[Date "2020.05.12"]
[Round "9"]
[White "Quattroporte300"]
[Black "Colombiano07"]
[Result "1-0"]
[WhiteElo "2332"]
[BlackElo "2190"]
[TimeControl "180+1"]
[EndTime "11:39:58 PDT"]
[Termination "Quattroporte300 won by resignation"]

1. e4 c5 2. Nf3 Nc6 3. d4 cxd4 4. Nxd4 Nf6 5. Nc3 g6 6. Nxc6 dxc6 7. Qxd8+ Kxd8 8.
Bc4 Ke8 9. e5 Nd7 10. f4 Bg7 11.
Be3 Nb6 12. Be2 Be6 13. O-O-O Rd8 14. b3 Nd5 15. Nxd5 Bxd5 16. Rhg1 b6 17. Bd4 Kd7 18. c4 1-0

[Event "*** Titled Tuesday Blitz"]
[Site "Chess.com"]
[Date "2020.05.12"]
[Round "9"]
[White "vovachesss"]
[Black "dbrankovic68"]
[Result "0-1"]
[WhiteElo "2595"]
[BlackElo "2419"]
[TimeControl "180+1"]
[EndTime "11:40:08 PDT"]
[Termination "dbrankovic68 won by resignation"]

1. e4 c5 2. d4 cxd4 3. c3 d3 4.
Nf3 Nc6 5. Bxd3 g6 6. O-O Bg7 7. Nbd2 d6 8. Qe2 Nf6 9. Nc4 O-O 10.
h3 b5 11. Ne3 a6 12. Rd1 Bb7 13. e5 Ne8 14. e6 f5 15. Bc2 Nf6 16. Bb3 Na5 17. Bd5 Nxd5 18. Nxd5 Bxd5 19. Rxd5 Nc4 20. Bf4 Qc7 21. Rad1 Rac8 22. Ng5 Ne5 23. Bxe5 Bxe5 24. Nf7 Bf6 25. g4 fxg4 26. hxg4 Qc4 27. Kg2 Qxe2 0-1

[Event "*** Titled Tuesday Blitz"]
[Site "Chess.com"]
[Date "2020.05.12"]
[Round "9"]
[White "Muguet7"]
[Black "Zubrrr"]
[Result "0-1"]
[WhiteElo "2482"]
[BlackElo "2644"]
[TimeControl "180+1"]
[EndTime "11:40:10 PDT"]
[Termination "Zubrrr won by resignation"]

1. Nf3 f5 2. d4 Nf6 3. c4 g6 4. Nc3 Bg7 5. g3 O-O 6. Bg2 d6 7. O-O Qe8 8. b3 e5 9. dxe5 dxe5 10.
Ba3 Rf7 11. Ng5 Rd7 12. Qc2 Nc6 13. Bd5+ Nxd5 14. cxd5 Nd4 15. Qd2 h6 16. Nf3 c6 17.
Bc5 Nxf3+ 18. exf3 cxd5 19. Nxd5 b6 20. Ba3 Bb7 21.
Ne7+ Qxe7 0-1

[Event "*** Titled Tuesday Blitz"]
[Site "Chess.com"]
[Date "2020.05.12"]
[Round "9"]
[White "Sethu0025"]
[Black "Ladislav1969"]
[Result "1/2-1/2"]
[WhiteElo "2703"]
[BlackElo "2355"]
[TimeControl "180+1"]
[EndTime "11:40:13 PDT"]
[Termination "Game drawn by repetition"]

1. e4 c5 2. Nf3 e6 3. d4 cxd4 4. Nxd4 a6 5. Bd3 Nc6 6. Nxc6 dxc6 7. Qe2 e5 8. a4 Nf6 9. Nd2 Be6 10. O-O Bc5 11. a5 O-O 12. Nc4 Bxc4 13. Bxc4 h6 14. c3 Qe7 15. b4 Ba7 16. Be3 Bxe3 17. Qxe3 Rad8 18. f3 Rd7 19. Rfd1 Rfd8 20. Qe2 Rxd1+ 21. Rxd1 Rxd1+ 22. Qxd1 Qd7 23. Qe2 Ne8 24. Bb3 Nc7 25. Qc4 Nb5 26. h3 Kf8 27. Kh2 Ke7 28. Qc5+ Qd6 29.
Qb6 Qc7 30. Qc5+ Qd6 31. Qc4 Qf6 32. Qc5+ Qd6 1/2-1/2

[Event "*** Titled Tuesday Blitz"]
[Site "Chess.com"]
[Date "2020.05.12"]
[Round "9"]
[White "Batica1984"]
[Black "FairChess_on_YouTube"]
[Result "1-0"]
[WhiteElo "2834"]
[BlackElo "3047"]
[TimeControl "180+1"]
[EndTime "11:40:18 PDT"]
[Termination "Batica1984 won by resignation"]

1. e4 c6 2. d4 d5 3. e5 c5 4.
dxc5 Nc6 5. f4 Bf5 6. Nf3 e6 7.
Be3 Nh6 8. Nc3 Qa5 9. a3 Ng4 10. Bg1 Bxc5 11. b4 Bxg1 12. bxa5 Bf2+ 13. Ke2 d4 14.
Nb5 O-O-O 15. Nd6+ Rxd6 16. exd6 e5 17. h3 Ne3 18. Kxf2 Nxd1+ 19. Rxd1 Bxc2 20. Rd2 d3 21.
fxe5 1-0

[Event "*** Titled Tuesday Blitz"]
[Site "Chess.com"]
[Date "2020.05.12"]
[Round "9"]
[White "doons21"]
[Black "Mikhail_Biryukov"]
[Result "0-1"]
[WhiteElo "2527"]
[BlackElo "2653"]
[TimeControl "180+1"]
[EndTime "11:40:19 PDT"]
[Termination "Mikhail_Biryukov won by resignation"]

1. e4 c5 2. c3 g6 3. d4 cxd4 4. cxd4 Bg7 5. h3 d6 6. Nf3 Nf6 7. Nc3 O-O 8. Bc4 a6 9. a4 Nc6 10. O-O Bd7 11. Be3 Rc8 12. Qe1 Nb4 13. Qe2 Nc2 14.
Qxc2 Rxc4 15. Qb3 Rc7 16. e5 Ne8 17. Nd5 Be6 18. Rfd1 h6 19. Bf4 Rd7 20. exd6 Nxd6 21. Ne5 Bxe5 22. dxe5 Nf5 23. g4 Bxd5 24. Qc3 Nh4 25.
Bxh6 Nf3+ 26. Kf1 Bc4+ 27. Kg2 Rxd1 28. e6 Nh4+ 29. Kg3 Rd3+ 0-1

[Event "*** Titled Tuesday Blitz"]
[Site "Chess.com"]
[Date "2020.05.12"]
[Round "9"]
[White "m-garcett"]
[Black "DonBroca"]
[Result "0-1"]
[WhiteElo "1966"]
[BlackElo "2191"]
[TimeControl "180+1"]
[EndTime "11:40:22 PDT"]
[Termination "DonBroca won by resignation"]

1. e4 c5 2. Nf3 d6 3. Nd4 cxd4 4. Bc4 Nf6 5. d3 Nc6 6. O-O e6 7. c3 Be7 8. cxd4 Nxd4 9. Nc3 a6 10. Kh1 b5 11.
Bb3 Nxb3 12. axb3 Bb7 13. f4 Rc8 14. f5 exf5 15. Rxf5 Qd7 16. Qf3 Qe6 17. Qg3 g6 18. Rf1 Nh5 19. Qf3 f5 20. Bh6 Bf8 21. Bg5 Bg7 22.
Nd5 h6 23. exf5 Qxd5 24. Rae1+ Be5 25. Re4 hxg5 26. fxg6 Nf4 27. d4 Qxe4 0-1

[Event "*** Titled Tuesday Blitz"]
[Site "Chess.com"]
[Date "2020.05.12"]
[Round "9"]
[White "relaxx87"]
[Black "Kildepiotr"]
[Result "1-0"]
[WhiteElo "2678"]
[BlackElo "2547"]
[TimeControl "180+1"]
[EndTime "11:40:25 PDT"]
[Termination "relaxx87 won by resignation"]

1. e4 g6 2. d4 Bg7 3. Nc3 c6 4. Be3 d5 5. Qd2 dxe4 6. Nxe4 Nf6 7. Nxf6+ Bxf6 8. Nf3 Be6 9. Be2 c5 10. Rd1 cxd4 11.
Nxd4 Bd7 12. Bh6 Nc6 13. Nb3 Be6 14. Qe3 Qb6 15. c3 Qxe3 16. Bxe3 b6 17. Bb5 Rc8 18. Nd4 Bd7 19. Ba6 Rd8 20. Nb5 O-O 21. Nxa7 Nxa7 22. Bxb6 Nc6 23. Bxd8 Rxd8 24. Bb5 e6 25. Rxd7 Rxd7 26.
Bxc6 1-0

[Event "*** Titled Tuesday Blitz"]
[Site "Chess.com"]
[Date "2020.05.12"]
[Round "9"]
[White "jerry_77"]
[Black "Denis_Palkovich"]
[Result "1-0"]
[WhiteElo "2460"]
[BlackElo "2299"]
[TimeControl "180+1"]
[EndTime "11:40:29 PDT"]
[Termination "jerry_77 won by resignation"]

1. e4 d5 2. exd5 Nf6 3. Nc3 Nxd5 4. Be2 Nxc3 5. dxc3 Qxd1+ 6. Bxd1 Nc6 7. Bf4 e5 8.
Be3 Bf5 9. Ne2 O-O-O 10. Ng3 Bg6 11. Bd2 f5 12. Bh5 Bxh5 13. Nxh5 f4 14. g3 g6 15. Nf6 Bg7 16. Ne4 Rhf8 17. O-O-O h6 18. Rhg1 g5 19. h4 Ne7 20. hxg5 hxg5 21. Nxg5 Rd6 22.
Ne4 Rg6 23. gxf4 exf4 24. Rxg6 Nxg6 25. Rg1 Re8 26. Rxg6 Rxe4 27. Rxg7 f3 28. Rf7 1-0

[Event "*** Titled Tuesday Blitz"]
[Site "Chess.com"]
[Date "2020.05.12"]
[Round "9"]
[White "Oligan22"]
[Black "nabukatnezarr"]
[Result "1-0"]
[WhiteElo "2398"]
[BlackElo "2500"]
[TimeControl "180+1"]
[EndTime "11:40:32 PDT"]
[Termination "Oligan22 won by resignation"]

1. e4 c5 2. Nf3 d6 3. d4 cxd4 4. Nxd4 Nf6 5. Nc3 Nc6 6. f4 e5 7. Nf3 Be7 8. Bd3 O-O 9. O-O a6 10. Kh1 b5 11. a3 Bb7 12. Qe1 Rc8 13. Nh4 Re8 14. Nf5 Bf8 15. Qh4 Nd4 16. fxe5 Nxf5 17. Rxf5 dxe5 18. Bg5 Be7 19. Raf1 Rxc3 20. bxc3 Qd6 21.
Qg3 Kf8 22. Rxe5 Qxa3 23. Bxf6 gxf6 24. Rh5 Bd6 25. Qh4 Be5 26. c4 b4 27. Rxh7 Qc3 28. Qh5 1-0

[Event "*** Titled Tuesday Blitz"]
[Site "Chess.com"]
[Date "2020.05.12"]
[Round "9"]
[White "Batsai"]
[Black "canary2016"]
[Result "1-0"]
[WhiteElo "2272"]
[BlackElo "1958"]
[TimeControl "180+1"]
[EndTime "11:40:39 PDT"]
[Termination "Batsai won by checkmate"]

1. e4 c6 2. d4 d5 3. e5 Bf5 4.
h4 h5 5. Bd3 Bxd3 6. Qxd3 e6 7.
Bg5 Ne7 8. Nf3 Nd7 9. c4 Qc7 10. Nc3 Nf5 11. Rc1 Be7 12. cxd5 Bxg5 13. d6 Qb6 14.
hxg5 Qxb2 15. O-O Qa3 16. Rb1 b6 17. Qc4 b5 18. Qxc6 Rd8 19. Nxb5 O-O 20. Nxa3 Nb8 21. Qe4 Rc8 22. Rfc1 Rcd8 23. Rc7 Na6 24. Rxa7 Nb8 25. Rbb7 Rc8 26. g6 Rc1+ 27. Kh2 Nh6 28. gxf7+ Kh8 29. Ng5 Ng4+ 30. Kg3 Rc3+ 31. f3 Nh6 32. Qh7# 1-0

[Event "*** Titled Tuesday Blitz"]
[Site "Chess.com"]
[Date "2020.05.12"]
[Round "9"]
[White "PawnEatingZombie"]
[Black "Charlottemillard17"]
[Result "1-0"]
[WhiteElo "2166"]
[BlackElo "1418"]
[TimeControl "180+1"]
[EndTime "11:40:40 PDT"]
[Termination "PawnEatingZombie won by checkmate"]

1. d4 d5 2. c4 e6 3. Nc3 c6 4. e3 Nf6 5. Nf3 Be7 6. Bd3 O-O 7.
O-O Nbd7 8. e4 dxc4 9. Bxc4 b5 10. Bd3 Bb7 11. e5 Nd5 12. Nxd5 exd5 13. Re1 Nb6 14. Bc2 Bb4 15. Qd3 g6 16. Rd1 Re8 17. a3 Bf8 18.
Bg5 Qd7 19. h4 Bg7 20. h5 gxh5 21. Qxh7+ Kf8 22. Bf6 Bxf6 23. exf6 Qg4 24. Qh8+ Qg8 25. Qh6+ Qg7 26. Qxg7# 1-0

[Event "*** Titled Tuesday Blitz"]
[Site "Chess.com"]
[Date "2020.05.12"]
[Round "9"]
[White "Sychev_Klementy"]
[Black "AnishGiri"]
[Result "1-0"]
[WhiteElo "2879"]
[BlackElo "3021"]
[TimeControl "180+1"]
[EndTime "11:40:41 PDT"]
[Termination "Sychev_Klementy won by resignation"]

1. e4 c5 2. Nf3 d6 3. d4 cxd4 4. Nxd4 Nf6 5. Nc3 a6 6. Bg5 e6 7. f4 h6 8. Bh4 Qb6 9. Qd2 Qxb2 10. Rb1 Qa3 11. Be2 Be7 12. O-O Nbd7 13. f5 e5 14. Ne6 fxe6 15. fxe6 Nf8 16. Rxf6 gxf6 17. Bh5+ Kd8 18. Rb3 Qa5 19. Bf2 d5 20. Nxd5 1-0

[Event "*** Titled Tuesday Blitz"]
[Site "Chess.com"]
[Date "2020.05.12"]
[Round "9"]
[White "CuattroPrincesses"]
[Black "Kate1606"]
[Result "1-0"]
[WhiteElo "2268"]
[BlackElo "2066"]
[TimeControl "180+1"]
[EndTime "11:40:43 PDT"]
[Termination "CuattroPrincesses won by resignation"]

1. e4 c5 2. Nf3 g6 3. d4 cxd4 4. Nxd4 Nc6 5. c4 Nf6 6. Nc3 d6 7. Be2 Nxd4 8. Qxd4 Bg7 9. Be3 O-O 10. Qd2 Be6 11. Rc1 Qa5 12. f3 Rfc8 13. b3 a6 14. Na4 Qxd2+ 15. Kxd2 Nd7 16. f4 f5 17. exf5 Bxf5 18. Bf3 Rc7 19. Rhe1 Rac8 20. Nb6 Nxb6 21. Bxb6 Rd7 22. g4 Bh6 23. gxf5 Bxf4+ 24. Kd3 Bxc1 25. Rxc1 gxf5 26. Bd5+ Kf8 27. Be6 Rdc7 28. Rg1 1-0

[Event "*** Titled Tuesday Blitz"]
[Site "Chess.com"]
[Date "2020.05.12"]
[Round "9"]
[White "Grandmaster2B"]
[Black "top_bu_tz"]
[Result "1-0"]
[WhiteElo "2455"]
[BlackElo "2208"]
[TimeControl "180+1"]
[EndTime "11:40:44 PDT"]
[Termination "Grandmaster2B won by resignation"]

1. e4 e5 2. Nf3 Nc6 3. Bb5 Nf6 4. O-O Nxe4 5. Re1 Nd6 6. Nxe5 Nxe5 7. Rxe5+ Be7 8.
Bf1 O-O 9. d4 Bf6 10. Re1 Nf5 11. c3 d5 12. Bf4 Nd6 13. Nd2 Bf5 14. Nf3 Be4 15. Ne5 Bxe5 16. dxe5 Nc8 17. f3 Bg6 18. Qd2 c6 19. Rad1 Re8 20. c4 Qb6+ 21. Be3 Qc7 22. cxd5 cxd5 23. Qxd5 Nb6 24. Qd6 Qc2 25. Rd2 Qa4 26. b3 Qa5 27. Bc5 Nc4 28. Bxc4 Rad8 29. Bb4 Rxd6 30. Bxa5 Rxd2 31. Bxd2 1-0

[Event "*** Titled Tuesday Blitz"]
[Site "Chess.com"]
[Date "2020.05.12"]
[Round "9"]
[White "Shield12"]
[Black "kleinebeer98"]
[Result "0-1"]
[WhiteElo "2792"]
[BlackElo "2679"]
[TimeControl "180+1"]
[EndTime "11:40:45 PDT"]
[Termination "kleinebeer98 won by resignation"]

1. e4 e5 2. Nf3 Nc6 3. Bb5 f5 4. Nc3 fxe4 5. Nxe4 Nf6 6. Nxf6+ Qxf6 7. Qe2 Be7 8. Bxc6 dxc6 9. Nxe5 O-O 10. O-O c5 11.
d3 Be6 12. Bd2 Bd6 13. Bc3 Rae8 14. f4 Bd5 15. Qg4 Qf5 16. Qg3 Re6 17. Rae1 Qh5 18.
a3 Rff6 19. Rf2 Bxe5 20. Rxe5 Rxe5 21. Bxe5 Rg6 22. Qe3 Qd1+ 0-1

[Event "*** Titled Tuesday Blitz"]
[Site "Chess.com"]
[Date "2020.05.12"]
[Round "9"]
[White "GodDMuhammad"]
[Black "Malysch"]
[Result "0-1"]
[WhiteElo "2288"]
[BlackElo "2461"]
[TimeControl "180+1"]
[EndTime "11:40:45 PDT"]
[Termination "Malysch won by resignation"]

1. e4 c5 2. d4 cxd4 3. c3 dxc3 4. Nxc3 Nc6 5. f4 d6 6. Nf3 Nf6 7. Bd3 g6 8. f5 Bg7 9. fxg6 hxg6 10. Bg5 O-O 11.
Qd2 Be6 12. Bh6 Rc8 13. Bxg7 Kxg7 14. h3 Qb6 15. Ng5 Ne5 16. Nxe6+ fxe6 17. Be2 Rxc3 18.
Qxc3 Nxe4 19. Qb3 Qa5+ 0-1

[Event "*** Titled Tuesday Blitz"]
[Site "Chess.com"]
[Date "2020.05.12"]
[Round "9"]
[White "TigranMukhutdinov"]
[Black "FMalexhdez"]
[Result "1-0"]
[WhiteElo "2435"]
[BlackElo "2064"]
[TimeControl "180+1"]
[EndTime "11:40:46 PDT"]
[Termination "TigranMukhutdinov won by resignation"]

1. Nf3 Nf6 2. g3 d5 3. Bg2 g6 4. d4 Bg7 5. O-O O-O 6. c4 c6 7.
cxd5 cxd5 8. Nc3 Nc6 9. Ne5 Bf5 10. Nxc6 bxc6 11. Bf4 Ne4 12. Rc1 Qb6 13. Nxe4 Bxe4 14. Bxe4 dxe4 15. e3 Qxb2 16. Qa4 Qb5 17. Qc2 Rfc8 18.
Qxe4 Qd5 19. Qxe7 Qxa2 20. Ra1 Qe6 21. Rxa7 Qxe7 22. Rxe7 c5 23. d5 c4 24. Rc1 c3 25.
d6 f5 26. d7 Rcb8 27. Bxb8 1-0

[Event "*** Titled Tuesday Blitz"]
[Site "Chess.com"]
[Date "2020.05.12"]
[Round "9"]
[White "KarstenHansch"]
[Black "Oglob71"]
[Result "1-0"]
[WhiteElo "2382"]
[BlackElo "2485"]
[TimeControl "180+1"]
[EndTime "11:40:49 PDT"]
[Termination "KarstenHansch won by resignation"]

1. e4 c5 2. Nf3 d6 3. Bb5+ Bd7 4.
Bxd7+ Qxd7 5. c4 Nc6 6. Nc3 g6 7.
d4 cxd4 8. Nxd4 Bg7 9. Be3 Nf6 10. f3 O-O 11. O-O Rac8 12. b3 a6 13. Rc1 Qd8 14. Qd2 e6 15. Rfd1 d5 16. cxd5 exd5 17. exd5 Nxd5 18. Nxd5 Qxd5 19. Nxc6 bxc6 20. Qxd5 cxd5 21. Rxc8 Rxc8 22. Rxd5 Bb2 23. Kf2 Rc2+ 24. Rd2 Rxd2+ 25. Bxd2 Kf8 26. Ke3 Ke7 27. Kd3 Kd7 28. Bc3 Bc1 29. Kc4 Kc6 30. a4 Bf4 31. g3 Be3 32. b4 h5 33. b5+ axb5+ 34. axb5+ Kb7 35. Bd4 Bd2 36. Kd5 Bb4 37. Bc5 Bd2 38. Kd6 f5 39. Ke6 f4 40.
gxf4 Bxf4 41. h3 Bd2 42. Kf6 g5 43. Kg6 h4 44. Kh5 Kc7 45. Be7 Kb6 46. Bxg5 Be1 47. Bxh4 Bc3 48. Kg6 Kxb5 49. Bf6 Bd2 50. h4 Kc4 51. h5 Kd3 52. Bg5 Bc3 53. f4 Ke4 54.
f5 Bb2 55. f6 Ke5 56. h6 Ke6 57. h7 1-0

[Event "*** Titled Tuesday Blitz"]
[Site "Chess.com"]
[Date "2020.05.12"]
[Round "9"]
[White "peixe64"]
[Black "Saloni1299"]
[Result "1-0"]
[WhiteElo "2184"]
[BlackElo "2280"]
[TimeControl "180+1"]
[EndTime "11:40:54 PDT"]
[Termination "peixe64 won by checkmate"]

1. d4 Nf6 2. c4 g6 3. Nc3 d5 4. cxd5 Nxd5 5. e4 Nxc3 6. bxc3 Bg7 7. Be3 c5 8. Bc4 Qa5 9. Qd2 cxd4 10. cxd4 Qxd2+ 11. Kxd2 Nc6 12. Ne2 O-O 13. Rad1 Rd8 14. d5 e6 15. Ke1 exd5 16. Bxd5 Bd7 17. f3 Rab8 18. Kf2 Nb4 19. Bb3 Bc6 20. Bxa7 Ra8 21. Bb6 Rxd1 22.
Rxd1 Nxa2 23. Bxa2 Rxa2 24. Rd8+ Bf8 25. Bc5 Bb5 26.
Bxf8 Rxe2+ 27. Kg3 h5 28. Bc5+ Kg7 29. Bd4+ Kh6 30.
Rh8+ Kg5 31. h4# 1-0

[Event "*** Titled Tuesday Blitz"]
[Site "Chess.com"]
[Date "2020.05.12"]
[Round "9"]
[White "TheoSlade"]
[Black "WonderChampion"]
[Result "1-0"]
[WhiteElo "2270"]
[BlackElo "1901"]
[TimeControl "180+1"]
[EndTime "11:41:00 PDT"]
[Termination "TheoSlade won by checkmate"]

1. d4 d5 2. c4 e6 3. Nc3 c6 4. e3 Nf6 5. Nf3 Bd6 6. Bd3 dxc4 7. Bxc4 b5 8. Bd3 Nbd7 9. O-O O-O 10. e4 e5 11. d5 cxd5 12. Nxb5 dxe4 13. Nxd6 exd3 14. Qxd3 Qe7 15. Re1 Nc5 16. Nxc8 Raxc8 17. Qf5 e4 18. Bg5 Rfd8 19. Bxf6 Qxf6 20. Qxf6 gxf6 21. Nh4 Rd2 22. b4 Nd3 23. Rxe4 Nxf2 24. Rf4 Nd3 25. Rxf6 Rcc2 26. Raf1 Ne5 27. R6f2 Rxa2 28. Rxd2 Rxd2 29. Ra1 Rb2 30. Rxa7 Rxb4 31. Nf5 Nd3 32. Ra8+ Rb8 33. Rxb8# 1-0

[Event "*** Titled Tuesday Blitz"]
[Site "Chess.com"]
[Date "2020.05.12"]
[Round "9"]
[White "WildBizon"]
[Black "XiaoKangZhong"]
[Result "0-1"]
[WhiteElo "2634"]
[BlackElo "2426"]
[TimeControl "180+1"]
[EndTime "11:41:03 PDT"]
[Termination "XiaoKangZhong won by resignation"]

1. e4 c6 2. d4 d5 3. Nd2 dxe4 4. Nxe4 Nf6 5. Nxf6+ exf6 6. c3 Bd6 7. Bd3 O-O 8.
Qc2 Re8+ 9. Ne2 h5 10. Be3 Nd7 11. Ng3 Nb6 12. Nxh5 Nd5 13. O-O Bg4 14. Ng3 Nxe3 15.
fxe3 Bxg3 16. hxg3 Rxe3 17. Bh7+ Kf8 18. Rae1 Rxe1 19. Rxe1 Qd6 20. Kf2 f5 21. Qd2 Qf6 22. c4 g6 23. Rh1 Bh5 24. Qh6+ Qg7 25. Rxh5 gxh5 26. Qd6+ Ke8 27. Bxf5 Rd8 28. Qc7 Qxd4+ 29. Kf3 Qd1+ 30. Kf4 Qd6+ 31. Qxd6 Rxd6 0-1